 Dungeon Crawl Stone Soup version 0.21-a0-442-g848f44b (webtiles) character file.

776 kae the Digger (level 7, 0/40 HPs)
             Began as a Gargoyle Earth Elementalist on Nov 15, 2017.
             Killed by divine providence
             ... invoked by an orc priest
              (10 damage)
             ... on level 5 of the Dungeon.
             The game lasted 00:05:18 (5108 turns).

kae the Digger (Gargoyle Earth Elementalist)        Turns: 5108, Time: 00:05:19

Health: 0/40       AC:  7    Str: 12    XL:     7   Next: 84%
Magic:  5/13       EV: 12    Int: 17    God:
Gold:   243        SH:  0    Dex: 10    Spells: 10/14 levels left

rFire    . . .     SeeInvis .   z - staff of conjuration
rCold    + . .     Gourm    .   (no shield)
rNeg     + . .     Faith    .   c - +1 robe
rPois    ∞         Spirit   .   (no helmet)
rElec    +         Reflect  .   (no cloak)
rCorr    .         Harm     .   (no gloves)
MR       .....                  (no boots)
Stlth    ++........             (no amulet)
HPRegen  0.13/turn              m - ring of flight
MPRegen  0.13/turn              w - ring of protection from cold

@: very slightly contaminated
A: negative energy resistance 1, electricity resistance, unbreathing,
petrification resistance, rot immunity, AC +4
a: Evoke Flight


You were on level 5 of the Dungeon.
You were not hungry.

You visited 1 branch of the dungeon, and saw 5 of its levels.

You collected 243 gold pieces.

Inventory:

Hand Weapons
 a - a +0 mace of crushing
 p - a +1 short sword of flaming
Missiles
 b - 136 stones (quivered)
Armour
 c - a +1 robe (worn)
Magical Staves
 z - an uncursed staff of conjuration (weapon)
Jewellery
 m - a ring of flight (left hand)
 q - an uncursed ring of protection from magic {unknown}
 w - a ring of protection from cold (right hand)
 y - a +4 ring of strength {unknown}
 D - a +6 ring of protection {unknown}
Wands
 v - a wand of confusion (19/48)
Scrolls
 f - 3 scrolls of identify
 k - 6 scrolls of remove curse
 A - a scroll of teleportation
 B - a scroll of recharging
Potions
 g - a potion of might
 i - a potion of mutation
 j - a potion of agility
 l - a potion of degeneration {unknown}
 r - 4 potions of heal wounds {unknown}
 s - 3 potions of flight
 t - 2 potions of curing {unknown}
 x - a potion of lignification {unknown}
 C - a potion of berserk rage {unknown}
Books
 e - a book of Geomancy

   Spells                             Type                      Level
   a - Sandblast                      Earth                        1
   b - Passwall                       Transmutation/Earth          2
   c - Stone Arrow                    Conjuration/Earth            3
   d - Petrify                        Transmutation/Earth          4
   e - Lee's Rapid Deconstruction     Earth                        5
Comestibles
 d - 4 bread rations
 h - 3 royal jellies
 n - 4 fruits
 o - 4 meat rations
 u - 2 chunks of flesh


   Skills:
 + Level 2.4 Fighting
 * Level 0.9 Maces & Flails
 + Level 2.7 Dodging
 - Level 2.1 Stealth
 * Level 4.3 Spellcasting
 * Level 4.0 Conjurations
   Level 0.7 Transmutations
 * Level 6.4 Earth Magic
 + Level 0.4 Evocations


You had 10 spell levels left.
You knew the following spells:

 Your Spells              Type           Power        Failure   Level  Hunger
a - Sandblast             Erth           ####..       1%          1    None
b - Stone Arrow           Conj/Erth      ####..       5%          3    ###....


Dungeon Overview and Level Annotations

Branches:
Dungeon (5/15)
 Temple: D:4-7

Altars:
Sif Muna
Trog

Annotations:
D:4 zero's ghost, amateur GrBe


Innate Abilities, Weirdness & Mutations

You are resistant to torment.
Your stone body is resilient. (AC +4)
You are immune to poison.
You resist negative energy. (rN+)
You are resistant to electric shocks. (rElec)
You can survive without breathing.
You are immune to petrification.
You are immune to rotting.


Message History

Casting: Sandblast
Confirm with . or Enter, or press ? or * to list all spells.
Aiming: Sandblast
Press: ? - help, Shift-Dir - straight line, f - orc priest
Aim: an orc priest, wielding a dagger and wearing a scale mail The blast of sand hits the orc priest.
b - 137 stones The orc priest misses you.
Casting: Sandblast
Confirm with . or Enter, or press ? or * to list all spells.
Aiming: Sandblast
Press: ? - help, Shift-Dir - straight line, f/p - orc priest
Aim: an orc priest, wielding a dagger and wearing a scale mail The blast of sand hits the orc priest.
The orc priest is moderately wounded.
b - 136 stones The orc hits you but does no damage.
The orc priest mumbles some strange prayers to Beogh against you.
Beogh smites you!
You die...

.... ###########....
............?..
................
................#
.............<...
#.....))o.......#
#......@o......# ###
#.............# #..
#.#.........### ##
#..........## #.
##.#.......####### #..
##.#....#.......#
###.#
##..####..###..###..##
### ##..#....#..#..
#...).....#...


You could see an orc priest and an orc.

Vanquished Creatures
  3 eyes of draining (D:3)
  A scorpion (D:3)
  A howler monkey (D:4)
  2 hounds (D:4)
  An orc priest (D:4)
  4 orc wizards
  A worker ant (D:4)
  2 gnolls
  7 adders
  An adder skeleton (D:4)
  4 worms
  A dart slug (D:2)
  2 leopard geckos
  13 orcs
  A ball python (D:4)
  2 bats
  2 giant cockroaches
  6 goblins
  9 hobgoblins
  4 jackals
  4 quokkas
  A ball python skeleton (D:4)
  6 frilled lizards
  8 kobolds
  4 rats
90 creatures vanquished.

Vanquished Creatures (others)
  6 plants (D:2)
6 creatures vanquished.

Grand Total: 96 creatures vanquished

Notes
Turn   | Place    | Note
-------+----------+-------------------------------------------
     0 | D:1      | kae the Gargoyle Earth Elementalist began the quest for the Orb.
     0 | D:1      | Reached XP level 1. HP: 10/10 MP: 3/3
   205 | D:1      | Reached XP level 2. HP: 12/15 MP: 5/5
   316 | D:1      | Reached skill level 4 in Earth Magic
   973 | D:2      | Reached XP level 3. HP: 16/19 MP: 6/6
   978 | D:2      | Learned a level 3 spell: Stone Arrow
  1339 | D:2      | Found a deep blue altar of Sif Muna.
  1490 | D:2      | Reached XP level 4. HP: 20/24 MP: 8/8
  1823 | D:3      | Reached skill level 1 in Conjurations
  2231 | D:3      | Noticed an eye of draining
  2233 | D:3      | Found a bloodstained altar of Trog.
  2233 | D:3      | Noticed an eye of draining
  2233 | D:3      | Noticed an eye of draining
  2265 | D:3      | Killed an eye of draining
  2265 | D:3      | Reached skill level 1 in Fighting
  2265 | D:3      | Reached skill level 5 in Earth Magic
  2265 | D:3      | Reached XP level 5. HP: 29/29 MP: 0/9
  2298 | D:3      | Killed an eye of draining
  2298 | D:3      | Reached XP level 6. HP: 34/34 MP: 0/11
  2329 | D:3      | Killed an eye of draining
  2964 | D:3      | Reached XP level 7. HP: 16/39 MP: 4/12
  3163 | D:4      | Reached skill level 6 in Earth Magic
  3187 | D:4      | Noticed zero's ghost (amateur GrBe)
  4808 | D:5      | Entered Level 5 of the Dungeon
  5108 | D:5      | Killed from afar by an orc priest

Vault maps used:
D:1:      evilmike_arrival_run_for_it
D:2:      serial_bayou, serial_bayou_shore_a, serial_bayou_crossing,
          serial_bayou_lake_a, serial_bayou_lagoon_a, dk_noncrumbling_3,
          led_sif_pool
D:3:      first_bread, hangedman_decor_points, trog_eyes_of_draining
D:4:      kennysheep_six_static_rooms
D:5:      minmay_temple_entry_poolview, uniq_menkaure, uniq_grinder

Skill      XL: |  1  2  3  4  5  6  7 |
---------------+----------------------+-----
Earth Magic    | 4 5 6 |  6.4
Conjurations   | 2 3 4 |  4.0
Spellcasting   | 3 4 |  4.3
Fighting       | 1 2 |  2.4
Dodging        | 2 |  2.7
Maces & Flails | |  0.9
Stealth        | |  2.1
Transmutations | |  0.7
Evocations     | |  0.4

Action                   |  1- 3 |  4- 6 |  7- 9 || total
-------------------------+-------+-------+-------++-------
Melee: Mace              |    20 |       |       ||    20
       Short sword       |    59 |   145 |    43 ||   247
       Staff             |       |       |    94 ||    94
 Cast: Sandblast         |     7 |    12 |    30 ||    49
       Stone Arrow       |       |       |    18 ||    18
  Use: Scroll            |       |    11 |       ||    11
 Stab: Sleeping          |     6 |     2 |     2 ||    10
  Eat: Chunk             |     2 |     5 |     8 ||    15
Armor: Robe              |    23 |    28 |    68 ||   119
Dodge: Dodged            |    42 |    61 |   137 ||   240

Table legend:
 A = Spawn XP
 B = Non-spawn XP
 C = Spawn XP percentage of total XP
 D = Spawn monster count
 E = Non-spawn monster count
 F = Spawn count percentage of total count
 G = Total turns spent on level
                    A         B        C        D         E        F      G
               +---------+---------+-------+---------+---------+-------+---------
         Total |       0 |    1109 |   0.0 |       0 |      90 |   0.0 |  5108
               +---------+---------+-------+---------+---------+-------+---------
           D:1 |       0 |      26 |   0.0 |       0 |      15 |   0.0 |   774
           D:2 |       0 |      57 |   0.0 |       0 |      16 |   0.0 |   950
           D:3 |       0 |     536 |   0.0 |       0 |      29 |   0.0 |  1782
           D:4 |       0 |     362 |   0.0 |       0 |      18 |   0.0 |  1302
           D:5 |       0 |     128 |   0.0 |       0 |      12 |   0.0 |   300
               +---------+---------+-------+---------+---------+-------+---------
